TOP OF THE 1ST |
Topeka Tornados batting - Pitching for Havana Rollers : LHP Mike Doss
|
Pitching: LHP Mike Doss
|
|
Batting: RHB Norberto Taváres
|
0-0: Called Strike 0-1: Called Strike 0-2: Ball 1-2: Ball 2-2: Fly out, F8 (Flyball, 8LM)
|
Batting: RHB Alberto Campos
|
0-0: Called Strike 0-1: Ball 1-1: Ball 2-1: Called Strike 2-2: Hit by Pitch
|
Batting: RHB Bob Hall
|
0-0: Ball 1-0: Ball 2-0: Called Strike 2-1: DOUBLE (Line Drive, 9LM) Alberto Campos to third
|
Batting: RHB Cho-yun Qiao
|
0-0: Ball 1-0: SINGLE (Flyball, 89S) Alberto Campos scores Bob Hall to third Runner from 3rd tries for Home, SAFE, throw made home Cho-yun Qiao to second
|
Batting: LHB Ryan Drake
|
0-0: Foul Ball, location: 2F 0-1: Foul Ball, location: 2F 0-2: Strikes out swinging
|
Batting: LHB Morgan Wright
|
0-0: Called Strike 0-1: Foul Ball, location: 2F 0-2: Fly out, F7 (Flyball, 7S)
|
Top of the 1st over - 2 run(s), 2 hit(s), 0 error(s), 1 left on base; Topeka 2 - Havana 0 |
BOTTOM OF THE 1ST |
Havana Rollers batting - Pitching for Topeka Tornados : LHP Seiichi Yamamoto
|
Pitching: LHP Seiichi Yamamoto
|
|
Batting: LHB Jimmy Husted
|
0-0: Ball 1-0: Foul Ball, location: 2F 1-1: Ball 2-1: Called Strike 2-2: Foul Ball, location: 2F 2-2: Strikes out looking
|
Batting: RHB Ed Sims
|
0-0: Fly out, F4 (Popup, 4D)
|
Batting: LHB Noriaki Oshima
|
0-0: Swinging Strike 0-1: Ball 1-1: Called Strike 1-2: Ball 2-2: Strikes out swinging
|
Bottom of the 1st over - 0 run(s), 0 hit(s), 0 error(s), 0 left on base; Topeka 2 - Havana 0 |
TOP OF THE 2ND |
Topeka Tornados batting - Pitching for Havana Rollers : LHP Mike Doss
|
Batting: RHB Gabriel Santana
|
0-0: SINGLE (Groundball, 56)
|
Batting: RHB José Pinto
|
0-0: Foul Ball, location: 2F 0-1: Foul Ball, location: 2F 0-2: Strikes out swinging
|
Batting: RHB Armando Méndez
|
0-0: Called Strike 0-1: Ball 1-1: Swinging Strike 1-2: Strikes out swinging
|
Batting: RHB Norberto Taváres
|
0-0: Swinging Strike 0-1: Foul Ball, location: 2F 0-2: Ball Wild Pitch! Gabriel Santana to second 1-2: Ball 2-2: Ball 3-2: SINGLE (Groundball, 56) Gabriel Santana to third Gabriel Santana scores
|
Batting: RHB Alberto Campos
|
0-0: Ball 1-0: Swinging Strike 1-1: Swinging Strike 1-2: Ball 2-2: Strikes out swinging
|
Top of the 2nd over - 1 run(s), 2 hit(s), 0 error(s), 1 left on base; Topeka 3 - Havana 0 |
BOTTOM OF THE 2ND |
Havana Rollers batting - Pitching for Topeka Tornados : LHP Seiichi Yamamoto
|
Batting: LHB Wilson Allen
|
0-0: Swinging Strike 0-1: Foul Ball, location: 2F 0-2: Foul Ball, location: 2F 0-2: Ball 1-2: Ball 2-2: Strikes out swinging
|
Batting: RHB Jack Bailey
|
0-0: Called Strike 0-1: Swinging Strike 0-2: Foul Ball, location: 2F 0-2: Foul Ball, location: 2F 0-2: DOUBLE (Line Drive, 5D)
|
Batting: RHB Salvador Borbón
|
0-0: Ball 1-0: Foul Ball, location: 2F 1-1: Ball 2-1: Ball 3-1: Fly out, F7 (Flyball, 7LM)
|
Batting: LHB Enrique Cortéz
|
0-0: Called Strike Balk! Jack Bailey to third 0-1: Fly out, F5 (Popup, 6)
|
Bottom of the 2nd over - 0 run(s), 1 hit(s), 0 error(s), 1 left on base; Topeka 3 - Havana 0 |
TOP OF THE 3RD |
Topeka Tornados batting - Pitching for Havana Rollers : LHP Mike Doss
|
Batting: RHB Bob Hall
|
0-0: Swinging Strike 0-1: Ground out 5-3 (Groundball, 6)
|
Batting: RHB Cho-yun Qiao
|
0-0: Fly out, F9 (Flyball, 9S)
|
Batting: LHB Ryan Drake
|
0-0: SINGLE (Groundball, 34S)
|
Batting: LHB Morgan Wright
|
0-0: Foul Ball, location: 2F 0-1: Ball 1-1: Ball 2-1: Foul Ball, location: 2F 2-2: Foul Ball, location: 2F 2-2: Strikes out swinging
|
Top of the 3rd over - 0 run(s), 1 hit(s), 0 error(s), 1 left on base; Topeka 3 - Havana 0 |
BOTTOM OF THE 3RD |
Havana Rollers batting - Pitching for Topeka Tornados : LHP Seiichi Yamamoto
|
Batting: RHB Victor Andrews
|
0-0: Swinging Strike 0-1: Ball 1-1: Swinging Strike 1-2: Ball 2-2: Ball 3-2: Base on Balls
|
Batting: LHB José Torres
|
0-0: Called Strike 0-1: Hit by Pitch Victor Andrews to second
|
Batting: LHB Jimmy Husted
|
0-0: SINGLE (Groundball, 25) (infield hit) Victor Andrews to third José Torres to second
|
Batting: RHB Ed Sims
|
0-0: Ball 1-0: Ball 2-0: Called Strike 2-1: SINGLE (Flyball, 9S) Victor Andrews scores José Torres to third Jimmy Husted to second Runner from 3rd tries for Home, SAFE, no throw or cutoff
|
Batting: LHB Noriaki Oshima
|
0-0: Swinging Strike 0-1: Ball 1-1: Ball 2-1: Reached on error, E2 (Groundball, 2R) Jimmy Husted scores Ed Sims to third
|
Batting: LHB Wilson Allen
|
0-0: Ball 1-0: Called Strike 1-1: Fly out, F9 (Flyball, 89M) Runner from 3rd tags up, SCORES, throw made
|
Batting: RHB Jack Bailey
|
0-0: Ball 1-0: Called Strike 1-1: Ground out 6-3 (Groundball, 6)
|
Batting: RHB Salvador Borbón
|
0-0: Ball 1-0: Swinging Strike 1-1: SINGLE (Line Drive, 56D) Noriaki Oshima to third
|
Batting: LHB Enrique Cortéz
|
0-0: Called Strike 0-1: Ball 1-1: Foul Ball, location: 2F 1-2: Strikes out swinging
|
Bottom of the 3rd over - 4 run(s), 3 hit(s), 1 error(s), 2 left on base; Topeka 3 - Havana 4 |
TOP OF THE 4TH |
Topeka Tornados batting - Pitching for Havana Rollers : LHP Mike Doss
|
Batting: RHB Gabriel Santana
|
0-0: Ball 1-0: Ball 2-0: Called Strike 2-1: Ball 3-1: Called Strike 3-2: Base on Balls
|
Batting: RHB José Pinto
|
0-0: Ball 1-0: Ball 2-0: Ball 3-0: Swinging Strike 3-1: Base on Balls Gabriel Santana to second
|
Batting: RHB Armando Méndez
|
0-0: Ball 1-0: Called Strike 1-1: Foul Ball, location: 2F 1-2: DOUBLE (Flyball, 8RM) Gabriel Santana scores José Pinto to third
|
Batting: RHB Norberto Taváres
|
0-0: Ball Wild Pitch! José Pinto scores Armando Méndez to third 1-0: Ball 2-0: Called Strike 2-1: Ball 3-1: Base on Balls
|
Batting: RHB Alberto Campos
|
0-0: Ball 1-0: Called Strike 1-1: Grounds into double play, 6-4-3 (Groundball, 6) Armando Méndez scores
|
Batting: RHB Bob Hall
|
0-0: Called Strike 0-1: Foul Ball, location: 2F 0-2: Foul Ball, location: 2F 0-2: Ball 1-2: Ball 2-2: Ball 3-2: Strikes out swinging
|
Top of the 4th over - 3 run(s), 1 hit(s), 0 error(s), 0 left on base; Topeka 6 - Havana 4 |
BOTTOM OF THE 4TH |
Havana Rollers batting - Pitching for Topeka Tornados : LHP Seiichi Yamamoto
|
Batting: RHB Victor Andrews
|
0-0: SINGLE (Line Drive, 7LS)
|
Batting: LHB José Torres
|
0-0: Ball 1-0: Foul Ball, location: 2F 1-1: Fielders Choice at 2nd, 3-6 (Groundball, 3)
|
Batting: LHB Jimmy Husted
|
0-0: Ball 1-0: Swinging Strike 1-1: SINGLE (Flyball, 7LM) José Torres to second
|
Batting: RHB Ed Sims
|
0-0: Ball 1-0: Ball 2-0: SINGLE (Line Drive, 7LM) José Torres to third Jimmy Husted to second
|
Batting: LHB Noriaki Oshima
|
0-0: Ball 1-0: Ball 2-0: Ball 3-0: Called Strike 3-1: Fly out, F9 (Flyball, 89M) Runner from 3rd tags up, SCORES, no throw
|
Batting: LHB Wilson Allen
|
0-0: Ball 1-0: Called Strike 1-1: Ball 2-1: Foul Ball, location: 2F 2-2: Ground out 4-3 (Groundball, 4)
|
Bottom of the 4th over - 1 run(s), 3 hit(s), 0 error(s), 2 left on base; Topeka 6 - Havana 5 |
TOP OF THE 5TH |
Topeka Tornados batting - Pitching for Havana Rollers : LHP Mike Doss
|
Batting: RHB Cho-yun Qiao
|
0-0: Ball 1-0: Called Strike 1-1: Called Strike 1-2: Ball 2-2: Foul Ball, location: 2F 2-2: Foul Ball, location: 2F 2-2: Strikes out swinging
|
Batting: LHB Ryan Drake
|
0-0: Called Strike 0-1: Ball 1-1: Ground out U3 (Groundball, 3S)
|
Batting: LHB Morgan Wright
|
0-0: Called Strike 0-1: Ball 1-1: Foul Ball, location: 2F 1-2: Fly out, F9 (Flyball, 9M)
|
Top of the 5th over - 0 run(s), 0 hit(s), 0 error(s), 0 left on base; Topeka 6 - Havana 5 |
BOTTOM OF THE 5TH |
Havana Rollers batting - Pitching for Topeka Tornados : LHP Seiichi Yamamoto
|
Batting: RHB Jack Bailey
|
0-0: SINGLE (Groundball, 56D)
|
Batting: RHB Salvador Borbón
|
0-0: Ball 1-0: Called Strike 1-1: Ball 2-1: Ball 3-1: Swinging Strike 3-2: Strikes out looking Jack Bailey steals 2nd base Batter strikes out.
|
Batting: LHB Enrique Cortéz
|
0-0: Called Strike 0-1: Ball 1-1: Foul Ball, location: 2F 1-2: Fly out, F7 (Popup, 7S)
|
Batting: RHB Victor Andrews
|
0-0: Ball 1-0: SINGLE (Groundball, 5D) Jack Bailey to third Runner from 3rd tries for Home, SAFE, no throw or cutoff
|
Batting: LHB José Torres
|
0-0: SINGLE (Line Drive, 8RS) Victor Andrews to second Runner from 2nd tries for 3rd, SAFE, throw made to third
|
Batting: LHB Jimmy Husted
|
0-0: Called Strike 0-1: Ball 1-1: Ball 2-1: Ground out 6-3 (Groundball, 6)
|
Bottom of the 5th over - 1 run(s), 3 hit(s), 0 error(s), 2 left on base; Topeka 6 - Havana 6 |
TOP OF THE 6TH |
Topeka Tornados batting - Pitching for Havana Rollers : LHP Mike Doss
|
Batting: RHB Gabriel Santana
|
0-0: Called Strike 0-1: Swinging Strike 0-2: Ball 1-2: Foul Ball, location: 2F 1-2: DOUBLE (Line Drive, 7LD)
|
Batting: RHB José Pinto
|
0-0: Intentional Walk
|
Pitching: RHP Ramiro Pińa
|
|
Batting: RHB Armando Méndez
|
0-0: Foul Ball, location: 2F 0-1: Called Strike 0-2: Ball 1-2: Strikes out swinging
|
Batting: RHB Norberto Taváres
|
0-0: Ball 1-0: Ball 2-0: Called Strike 2-1: Called Strike 2-2: Strikes out swinging
|
Batting: RHB Alberto Campos
|
0-0: Ball Wild Pitch! Gabriel Santana to third José Pinto to second 1-0: Ball 2-0: Ball 3-0: Called Strike 3-1: Base on Balls
|
Batting: RHB Bob Hall
|
0-0: Fly out, F9 (Flyball, 89S)
|
Top of the 6th over - 0 run(s), 1 hit(s), 0 error(s), 3 left on base; Topeka 6 - Havana 6 |
BOTTOM OF THE 6TH |
Havana Rollers batting - Pitching for Topeka Tornados : LHP Seiichi Yamamoto
|
Pitching: RHP Jorge Oliva
|
|
Batting: RHB Ed Sims
|
0-0: Called Strike 0-1: Ball 1-1: Swinging Strike 1-2: Ground out U3 (Groundball, 3)
|
Batting: LHB Noriaki Oshima
|
0-0: Called Strike 0-1: Swinging Strike 0-2: Strikes out swinging
|
Batting: LHB Wilson Allen
|
0-0: Ball 1-0: Foul Ball, location: 2F 1-1: Fly out, F7 (Flyball, 78XD)
|
Bottom of the 6th over - 0 run(s), 0 hit(s), 0 error(s), 0 left on base; Topeka 6 - Havana 6 |
TOP OF THE 7TH |
Topeka Tornados batting - Pitching for Havana Rollers : RHP Ramiro Pińa
|
Batting: RHB Cho-yun Qiao
|
0-0: Ground out 5-3 (Groundball, 5)
|
Batting: LHB Ryan Drake
|
0-0: Ball 1-0: Ball 2-0: Called Strike 2-1: Foul Ball, location: 2F 2-2: Fly out, F8 (Line Drive, 8RM)
|
Batting: LHB Morgan Wright
|
0-0: Ball 1-0: Called Strike 1-1: Ball 2-1: Foul Ball, location: 2F 2-2: Ball 3-2: Base on Balls
|
Pinch Hitting: RHB Don Thomas
|
0-0: Ball 1-0: Ball 2-0: Ball 3-0: Called Strike 3-1: Swinging Strike 3-2: Strikes out looking
|
Top of the 7th over - 0 run(s), 0 hit(s), 0 error(s), 1 left on base; Topeka 6 - Havana 6 |
BOTTOM OF THE 7TH |
Havana Rollers batting - Pitching for Topeka Tornados : LHP Pedro Vega
|
Pitching: LHP Pedro Vega
|
|
Now in RF: Yoshiaki Ohayashi
|
|
Batting: RHB Jack Bailey
|
0-0: Ball 1-0: Ground out 4-3 (Groundball, 4M)
|
Batting: RHB Salvador Borbón
|
0-0: Ball 1-0: Ball 2-0: Ball 3-0: Called Strike 3-1: SOLO HOME RUN (Flyball, 7D), Distance : 384 ft
|
Batting: LHB Enrique Cortéz
|
0-0: Ground out 4-3 (Groundball, 4)
|
Batting: RHB Victor Andrews
|
0-0: Ball 1-0: DOUBLE (Line Drive, 7LM)
|
Pinch Hitting: RHB Carlos MacKinney
|
0-0: Swinging Strike 0-1: Ball 1-1: Ball 2-1: Ball 3-1: Base on Balls
|
Batting: LHB Jimmy Husted
|
0-0: Ball 1-0: Ball 2-0: Called Strike 2-1: Swinging Strike 2-2: Ball 3-2: Foul Ball, location: 2F 3-2: Base on Balls Victor Andrews to third Carlos MacKinney to second
|
Batting: RHB Ed Sims
|
0-0: Foul Ball, location: 2F 0-1: Called Strike 0-2: Ball 1-2: Strikes out looking
|
Bottom of the 7th over - 1 run(s), 2 hit(s), 0 error(s), 3 left on base; Topeka 6 - Havana 7 |
TOP OF THE 8TH |
Topeka Tornados batting - Pitching for Havana Rollers : RHP Ramiro Pińa
|
Pitching: RHP Alejandro Pérez
|
|
Now in CF: Dani Gómez
|
|
Batting: RHB José Pinto
|
0-0: Called Strike 0-1: Swinging Strike 0-2: Ball 1-2: Ball 2-2: Ball 3-2: Ground out 4-3 (Groundball, 4)
|
Batting: RHB Armando Méndez
|
0-0: Ball 1-0: Ball 2-0: Foul Ball, location: 2F 2-1: Ball 3-1: Foul Ball, location: 2F 3-2: SINGLE (Line Drive, 56)
|
Batting: RHB Norberto Taváres
|
0-0: Ball 1-0: Ball 2-0: Foul Ball, location: 2F 2-1: Ball 3-1: Base on Balls Armando Méndez to second
|
Batting: RHB Alberto Campos
|
0-0: Ball 1-0: Ball 2-0: Ball 3-0: Base on Balls Armando Méndez to third Norberto Taváres to second
|
Batting: RHB Bob Hall
|
0-0: Swinging Strike 0-1: Foul Ball, location: 2F 0-2: Ball 1-2: Strikes out swinging
|
Batting: RHB Cho-yun Qiao
|
0-0: Ball 1-0: Fly out, F8 (Flyball, 8RD)
|
Top of the 8th over - 0 run(s), 1 hit(s), 0 error(s), 3 left on base; Topeka 6 - Havana 7 |
BOTTOM OF THE 8TH |
Havana Rollers batting - Pitching for Topeka Tornados : LHP Pedro Vega
|
Batting: LHB Noriaki Oshima
|
0-0: Fly out, F8 (Line Drive, 8LM)
|
Batting: LHB Wilson Allen
|
0-0: Called Strike 0-1: Ball 1-1: DOUBLE (Groundball, 5L)
|
Batting: RHB Jack Bailey
|
0-0: Called Strike 0-1: Ball 1-1: Ball 2-1: Foul Ball, location: 2F 2-2: Ball 3-2: Foul Ball, location: 2F 3-2: SINGLE (Line Drive, 8LS) Wilson Allen to third Runner from 3rd tries for Home, throw and OUT! Jack Bailey to second
|
Pitching: LHP Glenn Tutt
|
|
Batting: RHB Salvador Borbón
|
0-0: Ball 1-0: Swinging Strike 1-1: Swinging Strike 1-2: Strikes out swinging
|
Bottom of the 8th over - 0 run(s), 2 hit(s), 0 error(s), 1 left on base; Topeka 6 - Havana 7 |
TOP OF THE 9TH |
Topeka Tornados batting - Pitching for Havana Rollers : RHP Alejandro Pérez
|
Pitching: RHP Augusto Muńíz
|
|
Now at 1B: Zhi-huan Loong
|
|
Batting: LHB Ryan Drake
|
0-0: Reached on error, E2 (Groundball, 15S)
|
Batting: LHB Morgan Wright
|
0-0: Ball 1-0: Ball 2-0: Foul Ball, location: 2F 2-1: Foul Ball, location: 2F 2-2: Ground out 4-3 (Groundball, 34) Ryan Drake to third
|
Batting: LHB Yoshiaki Ohayashi
|
0-0: Ball 1-0: Ball 2-0: Ball 3-0: Called Strike 3-1: Foul Ball, location: 2F 3-2: Foul Ball, location: 2F 3-2: Foul Ball, location: 2F 3-2: SINGLE (Groundball, 34) Ryan Drake scores
|
Batting: RHB José Pinto
|
0-0: Ball 1-0: Called Strike 1-1: Ball 2-1: Swinging Strike 2-2: Strikes out swinging
|
Pinch Hitting: LHB Tom Robinson
|
0-0: Called Strike 0-1: Ball 1-1: Ball 2-1: Called Strike 2-2: Strikes out swinging
|
Top of the 9th over - 1 run(s), 1 hit(s), 1 error(s), 1 left on base; Topeka 7 - Havana 7 |
BOTTOM OF THE 9TH |
Havana Rollers batting - Pitching for Topeka Tornados : LHP Glenn Tutt
|
Pitching: LHP Jeremy Meyer
|
|
Now at 3B: Rusty Clinton
|
|
Pinch Hitting: RHB Chad Case
|
0-0: Ball 1-0: Foul Ball, location: 2F 1-1: Called Strike 1-2: Foul Ball, location: 2F 1-2: Foul Ball, location: 2F 1-2: Ball 2-2: Strikes out looking
|
Batting: RHB Victor Andrews
|
0-0: Called Strike 0-1: Foul Ball, location: 2F 0-2: Ball 1-2: Ball 2-2: Foul Ball, location: 2F 2-2: Ball 3-2: Foul Ball, location: 2F 3-2: Foul Ball, location: 2F 3-2: SINGLE (Line Drive, 78S)
|
Batting: RHB Dani Gómez
|
0-0: Ball 1-0: Ground out 5-3 (Groundball, 56) Victor Andrews to second
|
Batting: LHB Jimmy Husted
|
0-0: Swinging Strike 0-1: Ball 1-1: Foul Ball, location: 2F 1-2: Foul Ball, location: 2F 1-2: Strikes out swinging
|
Bottom of the 9th over - 0 run(s), 1 hit(s), 0 error(s), 1 left on base; Topeka 7 - Havana 7 |
TOP OF THE 10TH |
Topeka Tornados batting - Pitching for Havana Rollers : RHP Augusto Muńíz
|
Now in LF: José Flores
|
|
Batting: RHB Norberto Taváres
|
0-0: Swinging Strike 0-1: Foul Ball, location: 2F 0-2: Ball 1-2: Ball 2-2: Strikes out swinging
|
Batting: RHB Alberto Campos
|
0-0: Foul Ball, location: 2F 0-1: Foul Ball, location: 2F 0-2: Ball 1-2: Foul Ball, location: 2F 1-2: Foul Ball, location: 2F 1-2: Ground out 6-3 (Groundball, 6M)
|
Batting: RHB Bob Hall
|
0-0: Ball 1-0: Ball 2-0: Ball 3-0: Called Strike 3-1: Called Strike 3-2: Base on Balls
|
Pitching: RHP Charlie Alexander
|
|
Batting: RHB Cho-yun Qiao
|
0-0: Ball 1-0: Fly out, F6 (Popup, 56D)
|
Top of the 10th over - 0 run(s), 0 hit(s), 0 error(s), 1 left on base; Topeka 7 - Havana 7 |
BOTTOM OF THE 10TH |
Havana Rollers batting - Pitching for Topeka Tornados : LHP Jeremy Meyer
|
Batting: RHB Ed Sims
|
0-0: Ball 1-0: SINGLE (Groundball, 4MD)
|
Pitching: RHP Craig Adams
|
|
Batting: LHB Noriaki Oshima
|
0-0: Called Strike 0-1: Ball 1-1: Foul Ball, location: 2F 1-2: Ball 2-2: Strikes out swinging Ed Sims steals 2nd base Batter strikes out.
|
Batting: LHB Zhi-huan Loong
|
0-0: Foul Ball, location: 2F 0-1: Ground out 6-3 (Groundball, 6)
|
Batting: RHB Jack Bailey
|
0-0: Fly out, F8 (Flyball, 8RS)
|
Bottom of the 10th over - 0 run(s), 1 hit(s), 0 error(s), 1 left on base; Topeka 7 - Havana 7 |
TOP OF THE 11TH |
Topeka Tornados batting - Pitching for Havana Rollers : RHP Charlie Alexander
|
Batting: LHB Ryan Drake
|
0-0: Ball 1-0: Ball 2-0: Called Strike 2-1: Swinging Strike 2-2: Ball 3-2: SINGLE (Line Drive, 78M)
|
Batting: LHB Morgan Wright
|
0-0: Called Strike 0-1: Bunted foul 0-2: Grounds into double play, 4-6-3 (Groundball, 4)
|
Batting: LHB Yoshiaki Ohayashi
|
0-0: Called Strike 0-1: Swinging Strike 0-2: Ball 1-2: Foul Ball, location: 2F 1-2: Ground out 4-3 (Groundball, 4M)
|
Top of the 11th over - 0 run(s), 1 hit(s), 0 error(s), 0 left on base; Topeka 7 - Havana 7 |
BOTTOM OF THE 11TH |
Havana Rollers batting - Pitching for Topeka Tornados : RHP Craig Adams
|
Pinch Hitting: SHB Pepe Pińa
|
0-0: Ball 1-0: Called Strike 1-1: Foul Ball, location: 2F 1-2: Ball 2-2: Strikes out swinging
|
Batting: LHB José Flores
|
0-0: Foul Ball, location: 2F 0-1: Ball 1-1: Swinging Strike 1-2: Strikes out swinging
|
Batting: RHB Victor Andrews
|
0-0: Ball 1-0: Ball 2-0: Foul Ball, location: 2F 2-1: DOUBLE (Line Drive, 89D) - OUT at third base trying to stretch hit.
|
Bottom of the 11th over - 0 run(s), 1 hit(s), 0 error(s), 0 left on base; Topeka 7 - Havana 7 |
TOP OF THE 12TH |
Topeka Tornados batting - Pitching for Havana Rollers : RHP Charlie Alexander
|
Now at SS: Gyu-sik Yi
|
|
Batting: RHB José Pinto
|
0-0: Swinging Strike 0-1: Ball 1-1: Ball 2-1: Swinging Strike 2-2: Strikes out looking
|
Pinch Hitting: LHB Raúl Guerra
|
0-0: Ball 1-0: Called Strike 1-1: Fly out, F9 (Line Drive, 9S)
|
Batting: RHB Norberto Taváres
|
0-0: Foul Ball, location: 2F 0-1: Swinging Strike 0-2: Ball 1-2: Ground out 5-3 (Groundball, 5)
|
Top of the 12th over - 0 run(s), 0 hit(s), 0 error(s), 0 left on base; Topeka 7 - Havana 7 |
BOTTOM OF THE 12TH |
Havana Rollers batting - Pitching for Topeka Tornados : RHP Craig Adams
|
Pitching: RHP Gerald Hood
|
|
Now at 1B: Raúl Guerra
|
|
Batting: RHB Dani Gómez
|
0-0: Called Strike 0-1: Swinging Strike 0-2: Ball 1-2: SINGLE (Line Drive, 3D)
|
Batting: LHB Jimmy Husted
|
0-0: Called Strike Dani Gómez is caught stealing 2nd base 0-1: Ground out 5-3 (Groundball, 56)
|
Batting: RHB Ed Sims
|
0-0: Ball 1-0: Called Strike 1-1: Called Strike 1-2: Foul Ball, location: 2F 1-2: Ball 2-2: SINGLE (Groundball, 34D)
|
Batting: LHB Noriaki Oshima
|
0-0: Swinging Strike 0-1: Ball 1-1: DOUBLE (Line Drive, 8LD) Ed Sims to third
|
Batting: LHB Zhi-huan Loong
|
0-0: Foul Ball, location: 2F 0-1: Ball 1-1: Ball 2-1: Called Strike 2-2: Foul Ball, location: 2F 2-2: Ball 3-2: Base on Balls
|
Batting: RHB Jack Bailey
|
0-0: Called Strike 0-1: Ball 1-1: Called Strike 1-2: Ball 2-2: Ball 3-2: Base on Balls Ed Sims scores Noriaki Oshima to third Zhi-huan Loong to second
|
Monday, December 5th, 2016 - OOTP Baseball 17.12 Build 75
|
|